 Dungeon Crawl Stone Soup version 0.29-a0-234-g0dae59b3db (webtiles) character file.

Game seed: 8265904289941027759

17 spaghetti the Bolt Thrower (level 2, 22/22 HPs)
             Began as a Mummy Hunter on Mar 3, 2022.
             Was a Follower of Wu Jian.
             Quit the game on level 1 of the Dungeon.
             The game lasted 00:00:49 (668 turns).

spaghetti the Bolt Thrower (Mummy Hunter)            Turns: 668, Time: 00:00:49

Health: 22/22      AC:  3    Str: 15    XL:     2   Next: 44%
Magic:  2/2        EV: 11    Int: 10    God:    Wu Jian [*.....]
Gold:   63         SH:  0    Dex: 12    Spells: 1/1 levels left

rFire   x . .      SeeInvis .   a - +1 hand crossbow {crossbow}
rCold   + . .      Faith    .   (no shield)
rNeg    + + +      Spirit   .   b - +0 leather armour
rPois   ∞          Reflect  .   (no helmet)
rElec   .          Harm     .   (no cloak)
rCorr   .          Rampage  .   (no gloves)
Will    .....                   (no boots)
Stlth   +.........              (no amulet)
HPRegen 0.07/turn               (no ring)
MPRegen 0.08/turn               (no ring)

@: no status effects
A: cold resistance 1, negative energy resistance 3, torment resistance 2, heat
vulnerability 1, no potions
a: Renounce Religion


You were on level 1 of the Dungeon.
You worshipped Wu Jian.
Wu Jian was aware of your devotion.
You visited 1 branch of the dungeon, and saw 1 of its levels.

You collected 63 gold pieces.


Innate Abilities, Weirdness & Mutations

You are immune to poison.
Your flesh is cold resistant. (rC+)
You are immune to negative energy. (rN+++)
You are immune to unholy pain and torment.
You are vulnerable to heat. (rF-)
You do not drink.


   Skills:
 - Level 2.0 Fighting
 + Level 3.9 Crossbows
 - Level 1.5 Dodging
 - Level 0.7 Stealth


You had one spell level left.
You didn't know any spells.
Your spell library was empty.

Inventory:

Hand Weapons
 a - a +1 hand crossbow (weapon) {crossbow}
Armour
 b - a +0 leather armour (worn)
Scrolls
 c - a scroll of enchant weapon {unknown}

Dungeon Overview and Level Annotations

Branches:
Dungeon (1/15)

Altars:
Wu Jian

Shops:
D:1

? ##### #... #...
#.. #..
#.################
#b#.#.............
#@#...############
#.#...# #.#...#
#.#...# #.#...#
#.#...#
#.#...######### ..
#.#...........♣♣.P
#.#.........#.♣P.P


You could see a bat.


Message History

A bat is nearby!
You shoot a bolt. The bolt barely misses the bat.
The bat closely misses you. The bat completely misses you.
You shoot a bolt. The bolt hits the bat!
You kill the bat!
No target in view!
No target in view!
No target in view!
No target in view!
No target in view!
No target in view!
No target in view!
No target in view!
No target in view!
No target in view!
No target in view!
You open the door.
Found Penlav's Magic Scroll Shoppe.
There is an open door here.
There is an entrance to Penlav's Magic Scroll Shoppe here.
You can access your shopping list by pressing '$'.
You open the door.
There is an open door here.
There is an open door here.
There is an entrance to Penlav's Magic Scroll Shoppe here.
You open the door.
There is an open door here.
Key pressed, stopping explore.
Found a faded altar of an unknown god.
A goblin comes into view. It is wielding a +0 club.
The goblin shouts!
You shoot a bolt. The bolt barely misses the goblin.
You shoot a bolt. The bolt hits the goblin.
You kill the goblin!
No target in view!
No target in view!
No target in view!
No target in view!
No target in view!
No target in view!
No target in view!
No target in view!
No target in view!
No target in view!
You enter the shallow water.
Moving in this stuff is going to be slow.
You now have 60 gold pieces (gained 1).
You now have 61 gold pieces (gained 1).
There is a faded altar of an unknown god here.
You enter the shallow water.
Moving in this stuff is going to be slow.
You now have 62 gold pieces (gained 1).
There is a faded altar of an unknown god here.
You enter the shallow water.
Moving in this stuff is going to be slow.
You now have 63 gold pieces (gained 1).
Things that are here:
a +0 club {mace}; a goblin corpse You enter the shallow water.
Moving in this stuff is going to be slow.
There is a faded altar of an unknown god here.
You cannot tell which god this altar belongs to.
Convert to them anyway?
Wu Jian accepts your prayer! The Council welcomes you!
You can now perform damaging attacks by moving towards foes.
You can now lightly attack monsters by moving around them.
You enter the shallow water.
Moving in this stuff is going to be slow.
Key pressed, stopping explore.
Key pressed, stopping explore.
An endoplasm comes into view.
An endoplasm is nearby!
You shoot a bolt. The bolt hits the endoplasm.
You kill the endoplasm!
The Council accepts your kill.
No target in view!
No target in view!
No target in view!
Key pressed, stopping explore.
Key pressed, stopping explore.
d - a scroll labelled LUANAR HIEDOWUY No target in view!
No target in view!
No target in view!
No target in view!
A bat comes into view.
Blink to where?
Press: ? - help, Dir - move target, f - you Are you sure you want to cancel this blink? [Y]es or [N]o only, please.
Are you sure you want to cancel this blink?
Blink to where?
Press: ? - help, Dir - move target, f - you Are you sure you want to cancel this blink?
Blink to where?
Press: ? - help, Dir - move target
As you read the scroll labelled LUANAR HIEDOWUY, it crumbles to dust.
It was a scroll of blinking.
A bat is nearby!
Are you sure you want to abandon this character and quit the game? (Confirm with "yes".)

Action                   || total
-------------------------++-------
 Fire: Hand crossbow     ||    35
  Use: Scroll            ||     1
Armor: Leather armour    ||     3
Dodge: Dodged            ||    10

Levels and vault maps discovered:
D:1:      wheals_arrival_shading, layout_basic, serial_shops,
          nicolae_shop_behind_doors,
          hellmonk_ecumenical_altar_pennies_from_heaven, serial_bayou_crossing

Notes
Turn   | Place    | Note
-------+----------+-------------------------------------------
     0 | D:1      | spaghetti the Mummy Hunter began the quest for the Orb.
     0 | D:1      | Reached XP level 1. HP: 16/16 MP: 1/1
     0 | D:1      | magus.rc [v1.9.6]
   261 | D:1      | Reached XP level 2. HP: 22/22 MP: 2/2
   509 | D:1      | Found Penlav's Magic Scroll Shoppe.
   533 | D:1      | Found a faded altar of an unknown god.
   551 | D:1      | Prayed at the altar of an unknown god.
   551 | D:1      | Became a worshipper of the Wu Jian Council
   551 | D:1      | Reached * piety under Wu Jian
   668 | D:1      | Quit the game

Vanquished Creatures
  A dart slug (D:1)
  3 bats (D:1)
  2 endoplasms (D:1)
  3 goblins (D:1)
  A hobgoblin (D:1)
  A kobold (D:1)
  A ball python (D:1)
12 creatures vanquished.

Table legend:
 A = Non-vault XP
 B = Vault XP
 C = Vault XP percentage of total XP
 D = Non-vault monster count
 E = Vault monster count
 F = Vault count percentage of total count
                 A         B        C        D         E       F
            +---------+---------+-------+---------+---------+-------
      Total |      25 |       0 |   0.0 |      12 |       0 |   0.0
            +---------+---------+-------+---------+---------+-------
        D:1 |      25 |       0 |   0.0 |      12 |       0 |   0.0
            +---------+---------+-------+---------+---------+-------

Illustrated notes

Table legend:
 A = Kills in this place as a percentage of kills in entire the game.
 B = Kills by you in this place as a percentage of kills by you in the entire game.
 C = Kills by friends in this place as a percentage of kills by friends in the entire game.
 D = Other kills in this place as a percentage of other kills in the entire game.
 E = Experience gained in this place as a percentage of experience gained in the entire game.
 F = Experience gained in this place divided by the number of levels of this place that you have seen.
                   A       B       C       D       E      F
               +-------+-------+-------+-------+-------+----------------------
         Total | 100.0 | 100.0 |   N/A |   N/A | 100.0 |  25.0
       Dungeon | 100.0 | 100.0 |   N/A |   N/A | 100.0 |  25.0
               +-------+-------+-------+-------+-------+----------------------

Table legend: (Time is in decaauts)
 A = Elapsed time spent in this place.
 B = Non-inter-level travel time spent in this place.
 C = Inter-level travel time spent in this place.
 D = Time resting spent in this place.
 E = Time spent auto-exploring this place.
 F = Levels seen in this place.
 G = Mean time per level.
                   A        B        C        D        E       F      G
               +--------+--------+--------+--------+--------+-----+--------+
         Total |    689 |    689 |      0 |     81 |    531 |   1 |  689.0 |
       Dungeon |    689 |    689 |      0 |     81 |    531 |   1 |  689.0 |
               +--------+--------+--------+--------+--------+-----+--------+

Top non-repeatable levels by time:
     D:1: 689 daAuts
